Description

TEST BUILD.

Generated with CarbonTwelve's Starcraft Fusion.

Build Order

Get SALT Encoding   

  13  0:02  SCV  
  14  0:14  SCV  
  14  0:18  Supply Depot  
  15  0:27  SCV  
  16  0:39  SCV  
  16  0:40  Barracks  
  17  0:51  SCV  
  18  1:04  SCV, Refinery  
  19  1:16  SCV, Barracks  
  20  1:26  Marine  
  20  1:28  Orbital Command  
  20  1:30  Refinery  
  21  1:45  Marine, Supply Depot  
  21  1:46  Action  (Move SCVs to Gas)
  22  1:54  Action, SCV  (Call MULE)
  22  2:04  Action, Barracks Tech Lab  (Move SCVs to Gas)
  23  2:06  SCV  
  24  2:18  SCV  
  24  2:22  Stimpack  
  24  2:23  Command Center  
  25  2:31  SCV  
  26  2:43  SCV  
  26  2:47  Factory  
  27  2:48  Marine  
  27  2:50  Barracks  
  28  2:55  SCV  
  28  3:00  Action  (Call MULE)
  29  3:07  SCV  
  29  3:08  Barracks  
  31  3:10  Marine x2  
  32  3:20  SCV  
  32  3:22  Engineering Bay  
  32  3:31  Starport  
  34  3:33  Marine x2  
  35  3:38  Marine  
  35  3:48  Terran Infantry Weapons Level 1  
  37  3:51  Marine x2  
  39  3:55  Marine x2  
  39  4:02  Orbital Command  
  39  4:05  Action  (Call MULE)
  39  4:07  Starport Reactor  
  41  4:10  Marine x2  
  43  4:14  Marine x2  
  44  4:16  SCV  
  44  4:20  Supply Depot  
  44  4:25  Combat Shields  
  44  4:27  Action  (Call MULE)
  46  4:28  Marine x2  
  48  4:32  Marine x2  
  48  4:37  Supply Depot  
  52  4:43  Medivac x2  
  56  4:48  Marine x4  
  56  4:52  Supply Depot  
  58  4:58  SCV x2  
  62  5:06  Marine x4  
  62  5:10  Action  (Call MULE)
  66  5:14  Medivac x2  
  68  5:16  SCV x2  
  72  5:25  Marine x4  
  72  5:32  Action  (Call MULE)
  72  5:45  Command Center  
Spawning Tool Build Advisor. Get it on Overwolf

Analysis

What we must have by 06:00 is as follows.

Income: 1443M, 228G

Buildings: 2 Orbital Commands + 1 Command Center under construction, 2 Refineries, 5 Supply Depots, 4 Barracks (including 1 Tech Lab), 1 Factory, 1 Starport (with 1 Reactor), 1 Engineering Bay.

Units: 31 SCVs, 32 Marines, 4 Medivacs.

Research: Stimpack, Combat Shield, Infantry Weapons 1 (all are completed).

Go to:

Details

  • Created by: Turir
  • Published on: Feb 21, 2017
  • Modified on: Apr 11, 2017
  • Patch: 3.8.0
Show
View Real Time Build Order
Export as new Build Order

Comments (0)

There are no comments. Be the first!

Create an account to comment!